 Dungeon Crawl Stone Soup version 0.29.0-7-g18a832c13a (webtiles) character file.

Game seed: 10743525467905807338

86 sanka the Stinger (level 4, -19/32 HPs)
             Began as a Palentonga Venom Mage on Aug 31, 2022.
             Was an Initiate of Gozag.
             Demolished by an ogre
             ... wielding a +0 giant club
              (20 damage)
             ... on level 4 of the Dungeon.
             The game lasted 00:05:18 (3105 turns).

sanka the Stinger (Palentonga Venom Mage)           Turns: 3105, Time: 00:05:18

Health: -19/32     AC:  4    Str: 13    XL:     4   Next: 26%
Magic:  0/7        EV:  9    Int: 17    God:    Gozag
Gold:   466        SH:  0    Dex: 11    Spells: 4/7 levels left

rFire   . . .      SeeInvis +   (no weapon)
rCold   . . .      Faith    .   (no shield)
rNeg    . . .      Spirit   .   a - +0 robe
rPois   .          Reflect  .   (no helmet)
rElec   .          Harm     .   (no cloak)
rCorr   .          Rampage  .   (no gloves)
Will    .....                   (no barding)
Stlth   ++........              (no amulet)
HPRegen 0.10/turn               m - ring of flight
MPRegen 0.10/turn               (no ring)

@: flying
A: large, rugged brown scales 3, see invisible, deformed body, roll 1, armoured
tail
a: Rolling Charge, Renounce Religion, Potion Petition, Call Merchant, Bribe
Branch


You were on level 4 of the Dungeon.
You worshipped Gozag.
Gozag was aware of your devotion.
You visited 1 branch of the dungeon, and saw 5 of its levels.

You collected 466 gold pieces.


Innate Abilities, Weirdness & Mutations

You are completely covered in rugged brown scales. (AC +3, +7% HP)
You have supernaturally acute eyesight. (SInv)
Armour fits poorly on your strangely shaped body.
You can roll at nearby foes to attack.
You have a long armoured tail.


   Skills:
 - Level 1.5 Dodging
 - Level 1.2 Stealth
 - Level 2.0 Spellcasting
 - Level 1.0 Transmutations
 + Level 2.7 Air Magic
 - Level 3.0 Poison Magic


You had 4 spell levels left.
You knew the following spells:

 Your Spells              Type           Power      Damage    Failure   Level
y - Poisonous Vapours     Pois/Air       22%        N/A       9%          2
z - Sting                 Tmut/Pois      32%        1d4       9%          1

Your spell library contained the following spells:

 Spells                   Type           Power      Damage    Failure   Level
 Mephitic Cloud           Conj/Pois/Air  8%         N/A       26%         3
 Olgreb's Toxic Radiance  Pois           11%        N/A       50%         4

Inventory:

Armour
 a - a +0 robe (worn)
Jewellery
 m - a ring of flight (left hand)
 n - a ring of ice
Scrolls
 d - 3 scrolls of vulnerability {unknown}
 f - 2 scrolls of blinking {unknown}
 g - 3 scrolls of enchant armour {unknown}
 h - a scroll of teleportation {unknown}
 j - 5 scrolls of identify {unknown}
 l - a scroll of amnesia {unknown}
 s - 3 scrolls of noise {unknown}
Potions
 b - a potion of magic
 c - 3 potions of brilliance {unknown}
 e - 4 potions of mutation {unknown}
 i - 2 potions of degeneration {unknown}
 k - 2 potions of heal wounds {unknown}
 o - a potion of invisibility {unknown}
 p - a potion of attraction {unknown}
 q - a potion of ambrosia {unknown}
 r - a potion of might {unknown}

Dungeon Overview and Level Annotations

Branches:
Dungeon (5/15)
 Temple: D:4-7

Altars:
Gozag

Shops:
D:1

= ▒▒.....▒▒ ▒....▒
▒▒.......▒ ▒▒....▒
▒........▒ ▒▒....▒
▒....>...▒ ▒▒.....▒
.........▒▒▒▒▒▒▒▒......▒
.......................▒
..............▒▒▒......▒
▒........▒▒▒▒▒▒▒▒......▒
▒▒▒....▒▒▒ ▒▒▒.H......▒
▒▒▒.▒▒ ▒▒...O......▒ ▒▒▒
▒▒...........▒ ▒▒
▒▒............▒ .▒▒▒
▒▒.............▒ ...▒▒
▒...............▒ ....▒▒
▒..............▒▒ .....▒
▒▒.............▒ .....▒
▒▒..............▒


You could see an ogre (poisoned).


Message History

The ogre looks even sicker.
Your magical contamination has completely faded away.
Poisonous vapours surround the ogre!
The ogre looks even sicker.
The ogre looks more healthy.
Poisonous vapours surround the ogre!
The ogre is poisoned.
Found 6 gold pieces.
The ogre looks more healthy.
Found a stone staircase leading up.
Found a stone staircase leading down.
Poisonous vapours surround the ogre!
The ogre is poisoned.
The ogre attacks as you move away! The ogre barely misses you.
The ogre looks more healthy.
Aiming: Sting (safe; 9% risk of failure)
Aim: an ogre, wielding a +0 giant club (severely wounded, 85% to hit)
The sting hits the ogre.
The ogre is poisoned.
The ogre is severely wounded.
The ogre attacks as you move away!
The ogre hits you with a +0 giant club!!
Ouch! That really hurt!
* * * LOW HITPOINT WARNING * * *
The ogre attacks as you move away!
The ogre hits you with a +0 giant club!!
Ouch! That really hurt!
You die...
Your body crumbles into a pile of gold.

Action                   |  1- 3 |  4- 6 || total
-------------------------+-------+-------++-------
Melee: Unarmed           |    49 |     6 ||    55
       Tailslap          |     3 |     1 ||     4
 Cast: Sting             |    81 |     9 ||    90
       Poisonous Vapours |       |    10 ||    10
Armor: Robe              |    29 |     2 ||    31
Dodge: Dodged            |    41 |     8 ||    49

Levels and vault maps discovered:
D:1:      saegor_arrival_simple_d, layout_basic,
          hellmonk_ecumenical_altar_crossroads, serial_shops,
          nicolae_shop_waterfront, dreamdust_wishing_well, st_stairs_11,
          minmay_misc_feat_iff
D:2:      layout_loops_cross, minmay_tromino_v2
D:3:      kennysheep_goblin_castle, layout_basic
D:4:      layout_cave_pods, temple_green, ebering_ghost_sewer_d, uniq_duvessa
D:5:      layout_basic, zin_angel, serial_shops, shop, minmay_misc_feat_tower,
          hangedman_decor_growths, uniq_prince_ribbit1, uniq_crazy_yiuf_cottage

Notes
Turn   | Place    | Note
-------+----------+-------------------------------------------
     0 | D:1      | sanka the Palentonga Venom Mage began the quest for the
                  | Orb.
     0 | D:1      | Reached XP level 1. HP: 13/13 MP: 3/3
    73 | D:1      | Found Raonurgh's Jewellery Shoppe.
   210 | D:1      | Reached XP level 2. HP: 20/20 MP: 3/5
   250 | D:1      | Reached skill level 3 in Poison Magic
   319 | D:1      | Learned a level 2 spell: Poisonous Vapours
   434 | D:1      | Found a faded altar of an unknown god.
   501 | D:1      | Prayed at the altar of an unknown god.
   501 | D:1      | Became a worshipper of Gozag Ym Sagoz the Greedy
   613 | D:1      | Reached skill level 1 in Air Magic
   973 | D:1      | Reached XP level 3. HP: 21/25 MP: 1/6
  1463 | D:2      | Reached skill level 2 in Air Magic
  2193 | D:2      | Identified the +1 ring mail of Trumpets {rElec rC+ SInv}
  2608 | D:3      | Reached XP level 4. HP: 32/32 MP: 3/7
  2966 | D:3      | You are sucked into a shaft and drop 2 floors!
  2966 | D:5      | Entered Level 5 of the Dungeon
  3041 | D:4      | Noticed an ogre
  3104 | D:4      | HP: 1/32 [ogre/+0 giant club (31)]
  3105 | D:4      | Demolished by an ogre

Vanquished Creatures
  2 adders
  A worm (D:2)
  3 dart slugs
  An orc (D:3)
  4 ball pythons
  5 endoplasms
  4 giant cockroaches
  4 goblins
  8 hobgoblins
  2 kobolds (D:1)
  4 quokkas
  6 bats
  2 frilled lizards (D:1)
  9 rats
55 creatures vanquished.
